 Dungeon Crawl Stone Soup version 0.29.1-1-gd02db6906a (webtiles) character file.

Game seed: 12616228083133221719

413 soylentgreeen202 the Twirler (level 6, 0/44 HPs)
             Began as a Demonspawn Gladiator on Sept 7, 2022.
             Was a Believer of Lugonu.
             Slain by Sigmund
             ... wielding a +0 scythe
              (5 damage)
             ... on level 5 of the Dungeon on Sept 21, 2022.
             The game lasted 00:30:36 (6411 turns).

soylentgreeen202 the Twirler (Demonspawn Gladiator) Turns: 6411, Time: 00:30:37

Health: 0/44       AC:  4    Str: 16    XL:     6   Next: 59%
Magic:  6/6        EV: 12    Int:  9    God:    Lugonu [**....]
Gold:   221        SH:  0    Dex: 15    Spells: 4/5 levels left

rFire   . . .      SeeInvis .   a - +0 quarterstaff
rCold   . . .      Faith    .   (shield currently unavailable)
rNeg    . . .      Spirit   .   b - +0 leather armour
rPois   .          Reflect  .   c - +0 helmet
rElec   .          Harm     .   (no cloak)
rCorr   .          Rampage  .   (no gloves)
Will    .....                   (no boots)
Stlth   +.........              (no amulet)
HPRegen 0.14/turn               (no ring)
MPRegen 0.20/turn               (no ring)

@: attractive
A: magic regeneration
a: Renounce Religion, Depart the Abyss, Bend Space


You were on level 5 of the Dungeon.
You worshipped Lugonu.
Lugonu was pleased with you.
You visited 1 branch of the dungeon, and saw 5 of its levels.

You collected 221 gold pieces.

Inventory:

Hand Weapons
 a - a +0 quarterstaff (weapon)
 g - a +0 dagger
 p - a +0 spear
Missiles
 d - 4 throwing nets
 e - a javelin
 m - 2 boomerangs (quivered)
 n - 32 stones
Armour
 b - a +0 leather armour (worn)
 c - a +0 helmet (worn)
 o - a +0 plate armour
Magical Staves
 j - a staff of fire
Jewellery
 i - a ring of flight
 s - a ring of wizardry
Wands
 h - a wand of charming (4)
 t - a wand of roots (5)
Scrolls
 k - 3 scrolls of identify
 l - a scroll of poison
 q - 2 scrolls of amnesia
Potions
 f - 2 potions of attraction
 r - a potion of mutation
 u - a potion of cancellation


   Skills:
 - Level 2.0 Fighting
 + Level 6.7 Staves
 - Level 2.0 Throwing
 - Level 3.0 Dodging


You had 4 spell levels left.
You knew the following spells:

 Your Spells              Type           Power      Damage    Failure   Level
a - Shock                 Conj/Air       0%         1d3       45%         1

Your spell library contained the following spells:

 Spells                   Type           Power      Damage    Failure   Level
 Summon Small Mammal      Summ           0%         N/A       45%         1
 Call Canine Familiar     Summ           0%         N/A       83%         3
 Ozocubu's Armour         Ice            0%         N/A       83%         3
 Portal Projectile        Hex/Tloc       0%         N/A       83%         3
 Summon Guardian Golem    Hex/Summ       0%         N/A       83%         3
 Swiftness                Air            0%         N/A       83%         3
 Tukima's Dance           Hex            0%         N/A       83%         3
 Airstrike                Air            0%         2d(0-16)  99%         4
 Blade Hands              Tmut           0%         N/A       100%        5
 Metabolic Englaciation   Hex/Ice        0%         N/A       100%        5
 Simulacrum               Ice/Necr       0%         N/A       100%        6


Dungeon Overview and Level Annotations

Branches:
Dungeon (5/15)             Temple (0/1) D:4

Altars:
Lugonu

Shops:
D:4 (

Annotations:
D:3 exclusion: downstairs
D:5 Sigmund


Innate Abilities, Weirdness & Mutations

You regenerate magic rapidly.


Message History

Roots grab the hound.
The grasping roots constrict the hound!
The hound bites you. Something hits you!
* * * LOW HITPOINT WARNING * * *
The grasping roots constrict the hound.
You kill the hound!
Lugonu accepts your kill.
A magic dart appears from out of thin air!
The magic dart hits you.
* * * LOW HITPOINT WARNING * * *
Space bends violently around you!
You blink.
Found a scroll of teleportation and 4 stones.
Found a potion of attraction.
You start resting.
There is a strange disturbance nearby!
Really read the scroll of poison?
You can't even see any enemies this would affect.
The air fills with toxic fumes!
As you read the scroll of poison, it crumbles to dust.
Unknown command.
Really quaff the potion of attraction?
You feel attractive to monsters. Something is attracted toward you.
What are your orders? t - Shout!
Orders for allies: a - Attack new target. r - Retreat! s - Stop attacking. g - Guard the area. f - Follow me.
Anything else - Cancel.
Okay, then.
What are your orders? t - Shout!
Orders for allies: a - Attack new target. r - Retreat! s - Stop attacking. g - Guard the area. f - Follow me.
Anything else - Cancel.
Okay, then.
Hit: a) +0 quarterstaff
Press: ? - help, Dir - move target You closely miss something.
Something hits you.
You die...

#.#......
....#
#......#
#####..
##..###.##.#
#..
#...#!#....#
#.#
##..###.....
..#
##.....##
##...##
####§###
#@§§§#
######


There were no monsters in sight!

Vanquished Creatures
  An ogre (D:4)
  2 hounds
  An orc priest (D:4)
  2 iguanas (D:5)
  An orc wizard (D:4)
  7 adders
  An ufetubus (D:4)
  A worm (D:2)
  2 dart slugs (D:2)
  8 orcs
  4 bats
  8 endoplasms
  5 giant cockroaches
  6 hobgoblins
  7 jackals (D:2)
  4 quokkas
  10 ball pythons
  A frilled lizard (D:1)
  7 goblins
  4 kobolds
  3 rats
85 creatures vanquished.

Notes
Turn   | Place    | Note
-------+----------+-------------------------------------------
     0 | D:1      | soylentgreeen202 the Demonspawn Gladiator began the quest
                  | for the Orb.
     0 | D:1      | Reached XP level 1. HP: 16/16 MP: 1/1
   332 | D:1      | Reached skill level 3 in Staves
   469 | D:1      | Gained mutation: You regenerate magic rapidly. [demonic
                  | ancestry]
   469 | D:1      | Reached XP level 2. HP: 22/22 MP: 2/2
  1367 | D:2      | Reached XP level 3. HP: 25/27 MP: 3/3
  1643 | D:2      | Reached skill level 4 in Staves
  2136 | D:2      | Reached XP level 4. HP: 26/33 MP: 4/4
  3642 | D:3      | Found a faded altar of an unknown god.
  3652 | D:3      | Prayed at the altar of an unknown god.
  3652 | D:3      | Became a worshipper of Lugonu the Unformed
  3652 | D:3      | Reached * piety under Lugonu
  3652 | D:3      | Reached ** piety under Lugonu
  3653 | D:3      | Upgraded the game from 0.29.0-11-gd7f09526c8 to
                  | 0.29.0-13-gc9e81de378
  3731 | D:4      | Found Limuecac's Weapon Shoppe.
  3757 | D:4      | Noticed an ogre
  4225 | D:4      | Reached skill level 5 in Staves
  4246 | D:4      | Found a staircase to the Ecumenical Temple.
  4274 | D:4      | Reached XP level 5. HP: 38/38 MP: 5/5
  4281 | D:4      | Learned a level 1 spell: Shock
  5049 | D:4      | Upgraded the game from 0.29.0-13-gc9e81de378 to
                  | 0.29.1-1-gd02db6906a
  5194 | D:4      | Killed an ogre
  5195 | D:4      | Reached skill level 6 in Staves
  5195 | D:4      | Reached XP level 6. HP: 6/44 MP: 4/6
  5589 | D:5      | Entered Level 5 of the Dungeon
  6366 | D:5      | Noticed Sigmund
  6411 | D:5      | Slain by Sigmund

Illustrated notes

Levels and vault maps discovered:
D:1:      lightli_arrival_quake, layout_loops_ring, amcnicky_mini_pool_small,
          kennysheep_pointless_box, amcnicky_mini_rare_corridor_liquid,
          grunt_decor_mini_mirrors
D:2:      layout_basic
D:3:      layout_loops_corners, ebering_ecumenical_altar_abandoned
D:4:      layout_loops_ring, minmay_temple_entry_large_hall, serial_shops,
          nicolae_shop_trees, grunt_ministairs_11
D:5:      layout_loops_ring, mainiacjoe_overflow_paths, st_stairs_6,
          minivault_1, item_on_display_a, uniq_blork_the_orc, uniq_sigmund,
          uniq_crazy_yiuf_cottage

Skill      XL: |  1  2  3  4  5 |
---------------+----------------+-----
Staves         | 3 4 5 6 |  6.7
Throwing       | 2 |  2.0
Dodging        | 3 |  3.0
Fighting       | |  2.0

Action                   |  1- 3 |  4- 6 || total
-------------------------+-------+-------++-------
Melee: Quarterstaff      |   121 |   174 ||   295
Throw: Throwing net      |       |     3 ||     3
       Boomerang         |       |    14 ||    14
       Javelin           |       |     1 ||     1
Invok: Bend Space        |       |     5 ||     5
Evoke: Wand              |       |     1 ||     1
  Use: Scroll            |       |    10 ||    10
       Potion            |       |     1 ||     1
 Stab: Sleeping          |     2 |       ||     2
       Held in net/web   |       |     1 ||     1
Armor: Leather armour    |    29 |    41 ||    70
Dodge: Dodged            |    80 |   124 ||   204
